 Dungeon Sprint DCSS version 0.27-a0-1359-ga2a4dfd6fd (webtiles) character file.

Game seed: 7351263057511048556

9523 mhtbhm the Sorcerer (level 11, 0/57 HPs)
             Began as a Deep Elf Earth Elementalist on June 28, 2021.
             Was the Champion of Vehumet.
             Killed by divine providence
             ... invoked by an orc priest
              (9 damage)
             ... in the Dungeon (Sprint VII: "The Pits").
             The game lasted 00:05:15 (2587 turns).

mhtbhm the Sorcerer (Deep Elf Earth Elementalist)   Turns: 2587, Time: 00:05:16

Health: 0/57       AC:  2    Str:  5    XL:     11   Next: 24%
Magic:  15/39      EV: 15    Int: 24    God:    Vehumet [******]
Gold:   0          SH:  0    Dex: 15    Spells: 35/55 levels left

rFire    . . .     SeeInvis +   l - +1 broad axe of Stickiness {vorpal, rC+ SInv}
rCold    + . .     Faith    .   (no shield)
rNeg     . . .     Spirit   .   b - +0 robe
rPois    .         Reflect  .   (no helmet)
rElec    .         Harm     .   (no cloak)
rCorr    .         Rampage  .   (no gloves)
Will     +....     NoTele   +   (no boots)
Stlth    +++.......             (no amulet)
HPRegen  0.19/turn              (no ring)
MPRegen  0.26/turn              (no ring)

@: slowed, very slow
A: no striking features
a: Renounce Religion


You were in the Dungeon.
You worshipped Vehumet.
Vehumet was exalted by your worship.
You visited 1 branch

Inventory:

Hand Weapons
 l - the +1 broad axe of Stickiness (weapon) {vorpal, rC+ SInv}
   (You found it in the Dungeon)

   It inflicts extra damage upon your enemies.
   rC:        It protects you from cold.
   SInv:      It lets you see invisible.
Missiles
 i - 18 stones
Armour
 b - a +0 robe (worn)
Jewellery
 m - a +3 ring of strength
 n - a +3 ring of strength
Scrolls
 j - 5 scrolls of amnesia
 k - a scroll of summoning
Potions
 a - 2 potions of invisibility
 c - 7 potions of curing
 d - 12 potions of heal wounds
 e - a potion of haste
 f - 3 potions of magic
 g - 3 potions of berserk rage
 o - a potion of might
 p - 2 potions of resistance
 q - a potion of mutation


   Skills:
 + Level 1.8 Fighting
 + Level 6.1 Dodging
 + Level 5.2 Stealth
 + Level 22.6 Spellcasting
 + Level 0.1 Conjurations
 + Level 2.1 Transmutations
 + Level 19.2 Earth Magic


You had 35 spell levels left.
You knew the following spells:

 Your Spells              Type           Power      Damage    Failure   Level
a - Sandblast             Erth           100%       2d20      0%          1
b - Passwall              Tmut/Erth      56%        N/A       1%          2
c - Stone Arrow           Conj/Erth      100%       3d13      1%          3
d - Lee's Rapid Deconstr  Erth           44%        3d22*     0%          5
e - Petrify               Tmut/Erth      68%        N/A       1%          4
f - Bolt of Magma         Conj/Fire/Erth 27%        4d13      1%          5

Your spell library contained the following spells:

 Spells                   Type           Power      Damage    Failure   Level
 Ozocubu's Refrigeration  Ice            13%        4d7       94%         7


Dungeon Overview and Level Annotations

Branches:
Dungeon (1/1)

Altars:
Ashenzari
Cheibriados
Dithmenos
Elyvilon
Fedhas
Gozag
Hepliaklqana
Kikubaaqudgha
Makhleb
Nemelex Xobeh
Okawaru
Qazlal
Ru
Sif Muna
Trog
Uskayaw
Vehumet
Wu Jian
Xom
Yredelemnul
Zin
The Shining One
Beogh
Jiyva
Lugonu


Message History

Sonja throws a curare-tipped dart.
The curare-tipped dart hits you.
You are more poisoned.
You have difficulty breathing.
* * * LOW HITPOINT WARNING * * *
You feel as though you will be slow longer.
You feel better.
Casting: Petrify (safe; 1% risk of failure)
Confirm with . or Enter, or press ? or * to list all spells.
Aiming: Lee's Rapid Deconstruction (safe; 0% risk of failure)
Press: ? - help, Dir - move target A metal wall.
The metal wall shatters!
The blast of metal fragments hits the two-headed ogre!
The two-headed ogre is moderately wounded.
Vehumet accepts your kill.
You feel your power returning.
You feel a bit more experienced.
You hear an angry hiss.
Your Transmutations skill increases to level 2!
Unknown command.
Unknown command.
Casting: Lee's Rapid Deconstruction (safe; 0% risk of failure)
Confirm with . or Enter, or press ? or * to list all spells.
Aiming: Lee's Rapid Deconstruction (safe; 0% risk of failure)
Press: ? - help, Dir - move target A metal wall.
The metal wall shatters!
The blast of metal fragments hits the orc!!
You kill the orc!
Vehumet accepts your kill.
You feel your power returning.
The blast of metal fragments hits the two-headed ogre!!
The two-headed ogre is heavily wounded.
The blast of metal fragments hits the endoplasm!!!!
You kill the endoplasm!
Vehumet accepts your kill.
You feel your power returning.
You hear a hideous shriek!
You hear an angry hiss.
The orc priest invokes the aid of Beogh against you.
Beogh smites you!
You die...

..........# #..#......#
..........+ ..........+
#..#......# ..........#
###''######
.##''############## #####
.##......#...+..@.###..)#
.##....###...###...#...##
.##..)##.'...+.##O....## #
.##..##..##'##..##)..## .##.
.##..#..##...##.)'...# .....
.##..#..#.....#.)#...#ch..#.
###..'..'.....+.))...moom...
###..#..#.....#..#...#o...#.
[##..#..##...##..+...# .....


You could see a merfolk, a two-headed ogre and an orc priest.

Vanquished Creatures
  2 boulder beetles (D)
  Sonja (D)
  A wizard (D)
  An orc knight (D)
  2 orc sorcerers (D)
  An elephant (D)
  Joseph (D)
  An orange demon (D)
  A gargoyle (D)
  3 kobold demonologists (D)
  An efreet (D)
  2 komodo dragons (D)
  An ice devil (D)
  A hellwing (D)
  A troll (D)
  A tyrant leech (D)
  2 redbacks (D)
  A fire elemental (D)
  A wyvern (D)
  4 vampire mosquitoes (D)
  A water moccasin (D)
  2 floating eyes (D)
  An orc warrior (D)
  A swamp drake (D)
  3 kobold brigands (D)
  5 wights (D)
  An orc priest (D)
  Jessica (D)
  An iguana (D)
  An orc wizard (D)
  An adder (D)
  2 river rats (D)
  3 ufetubi (D)
  An adder zombie (D)
  10 orcs (D)
  2 endoplasms (D)
  A goblin (D)
  A hobgoblin (D)
  2 ball pythons (D)
  A frilled lizard (D)
  A quokka zombie (D)
71 creatures vanquished.

Notes
Turn   | Place    | Note
-------+----------+-------------------------------------------
     0 | D        | mhtbhm the Deep Elf Earth Elementalist began the quest for
                  | the Orb.
     0 | D        | Reached XP level 1. HP: 10/10 MP: 6/6
    54 | D        | Found a bloodstained altar of Trog.
    54 | D        | Found a shimmering blue altar of Sif Muna.
    54 | D        | Found a viscous altar of Jiyva.
    54 | D        | Found a hazy altar of Hepliaklqana.
    54 | D        | Found an opulent altar of Gozag.
    55 | D        | Found a glowing golden altar of the Shining One.
    55 | D        | Found a glowing silver altar of Zin.
    55 | D        | Found a basalt altar of Yredelemnul.
    55 | D        | Found a shimmering altar of Xom.
    55 | D        | Found an ornate altar of the Wu Jian Council.
    55 | D        | Found a sacrificial altar of Ru.
    55 | D        | Found a stormy altar of Qazlal.
    55 | D        | Found an iron altar of Okawaru.
    55 | D        | Found a sparkling altar of Nemelex Xobeh.
    55 | D        | Found a burning altar of Makhleb.
    55 | D        | Found a blossoming altar of Fedhas.
    55 | D        | Found a white marble altar of Elyvilon.
    55 | D        | Found a shadowy altar of Dithmenos.
    55 | D        | Found a snail-covered altar of Cheibriados.
    57 | D        | Found a radiant altar of Vehumet.
    57 | D        | Found a corrupted altar of Lugonu.
    58 | D        | Found a hide-covered altar of Uskayaw.
    58 | D        | Found an ancient bone altar of Kikubaaqudgha.
    58 | D        | Found a broken altar of Ashenzari.
    65 | D        | Became a worshipper of Vehumet
   352 | D        | Reached * piety under Vehumet
   352 | D        | Offered knowledge of Shock by Vehumet.
   353 | D        | Reached skill level 4 in Spellcasting
   353 | D        | Reached skill level 5 in Earth Magic
   353 | D        | Reached XP level 2. HP: 15/15 MP: 6/9
   446 | D        | Learned a level 2 spell: Passwall
   597 | D        | Noticed a floating eye
   599 | D        | Reached skill level 5 in Spellcasting
   599 | D        | Reached XP level 3. HP: 19/19 MP: 8/11
   602 | D        | Paralysed by a floating eye for 4 turns
   607 | D        | Killed a floating eye
   607 | D        | Reached ** piety under Vehumet
   607 | D        | Offered knowledge of Freeze by Vehumet.
   608 | D        | Reached skill level 8 in Spellcasting
   608 | D        | Reached XP level 4. HP: 24/24 MP: 8/16
   611 | D        | Reached XP level 5. HP: 28/28 MP: 7/17
   615 | D        | Learned a level 3 spell: Stone Arrow
   621 | D        | Learned a level 5 spell: Lee's Rapid Deconstruction
   626 | D        | Learned a level 4 spell: Petrify
   707 | D        | Reached *** piety under Vehumet
   708 | D        | Reached skill level 5 in Dodging
   708 | D        | Reached skill level 10 in Spellcasting
   709 | D        | Reached skill level 11 in Spellcasting
   709 | D        | Reached skill level 10 in Earth Magic
   709 | D        | Reached XP level 6. HP: 32/32 MP: 4/22
   710 | D        | Noticed Jessica
   719 | D        | Offered knowledge of Ignite Poison by Vehumet.
   719 | D        | Reached **** piety under Vehumet
   719 | D        | Killed Jessica
   722 | D        | Noticed a floating eye
   723 | D        | Killed a floating eye
   724 | D        | Reached skill level 12 in Spellcasting
   926 | D        | Noticed a gargoyle
   931 | D        | Killed a gargoyle
   931 | D        | Offered knowledge of Airstrike by Vehumet.
   931 | D        | Reached ***** piety under Vehumet
   932 | D        | Reached skill level 1 in Fighting
   932 | D        | Reached skill level 14 in Spellcasting
   932 | D        | Reached XP level 7. HP: 14/38 MP: 15/26
  1131 | D        | Offered knowledge of Irradiate by Vehumet.
  1133 | D        | Noticed an ice devil
  1133 | D        | Noticed an efreet
  1137 | D        | Killed an efreet
  1138 | D        | Reached XP level 8. HP: 43/43 MP: 14/28
  1143 | D        | Reached skill level 15 in Spellcasting
  1143 | D        | Killed an ice devil
  1143 | D        | Reached ****** piety under Vehumet
  1381 | D        | Got the +1 broad axe of Stickiness {vorpal, rC+ SInv}
  1453 | D        | Noticed Joseph
  1454 | D        | Offered knowledge of Hailstorm by Vehumet.
  1456 | D        | Killed Joseph
  1457 | D        | Reached skill level 16 in Spellcasting
  1521 | D        | Noticed a kobold demonologist
  1524 | D        | Killed a kobold demonologist
  1524 | D        | Noticed a kobold demonologist
  1525 | D        | Reached skill level 17 in Spellcasting
  1525 | D        | Reached XP level 9. HP: 47/47 MP: 20/32
  1526 | D        | Reached skill level 15 in Earth Magic
  1526 | D        | Killed a kobold demonologist
  1526 | D        | Noticed a kobold demonologist
  1528 | D        | Killed a kobold demonologist
  1529 | D        | Reached skill level 18 in Spellcasting
  1669 | D        | Noticed a hellwing
  1673 | D        | Killed a hellwing
  1673 | D        | Offered knowledge of Lightning Bolt by Vehumet.
  1726 | D        | Reached skill level 19 in Spellcasting
  1797 | D        | Noticed a boulder beetle
  1803 | D        | HP: 2/47 [boulder beetle (45)]
  1811 | D        | Killed a boulder beetle
  1812 | D        | Reached XP level 10. HP: 4/52 MP: 21/35
  2093 | D        | Noticed an elephant
  2098 | D        | Killed an elephant
  2098 | D        | Offered knowledge of Eringya's Noxious Bog by Vehumet.
  2099 | D        | Reached skill level 20 in Spellcasting
  2287 | D        | Noticed a boulder beetle
  2291 | D        | Noticed an orc sorcerer
  2296 | D        | Killed an orc sorcerer
  2297 | D        | Killed an orc sorcerer
  2306 | D        | Killed a boulder beetle
  2307 | D        | Reached skill level 21 in Spellcasting
  2452 | D        | Noticed an orange demon
  2453 | D        | Noticed a wizard
  2454 | D        | Killed a wizard
  2456 | D        | Killed an orange demon
  2476 | D        | Noticed an orc knight
  2478 | D        | Offered knowledge of Bolt of Magma by Vehumet.
  2479 | D        | Reached skill level 5 in Stealth
  2480 | D        | Reached XP level 11. HP: 57/57 MP: 33/38
  2481 | D        | Killed an orc knight
  2482 | D        | Reached skill level 22 in Spellcasting
  2569 | D        | Learned a level 5 spell: Bolt of Magma
  2574 | D        | Offered knowledge of Ozocubu's Refrigeration by Vehumet.
  2577 | D        | Noticed a two-headed ogre
  2578 | D        | Noticed Sonja
  2586 | D        | Killed Sonja
  2587 | D        | Killed from afar by an orc priest

Illustrated notes

Levels and vault maps discovered:
D:        pitsprint [storerooms_1, entrance_room_1, metal_vault_6, armoury_2,
          mini_pit_1, grid_room_1, main_hall_1, silver_pit, the_coven_2,
          the_vestibule_1, steel_vault_4, golden_pit, hallway_of_sentries,
          crystal_vault_4, iron_vault_3, final_vault]

Skill      XL: |  1  2  3  4  5  6  7  8  9 10 11 |
---------------+----------------------------------+-----
Earth Magic    | 5 8 10 12 13 14 16 18 19 | 19.2
Dodging        | 3 4 5 6 |  6.1
Spellcasting   | 4 5 8 11 14 17 19 21 22 | 22.6
Stealth        | 3 4 5 |  5.2
Fighting       | 1 |  1.8
Transmutations | 2 |  2.1
Conjurations   | |  0.1

Action                   |  1- 3 |  4- 6 |  7- 9 | 10-12 || total
-------------------------+-------+-------+-------+-------++-------
Melee: Unarmed           |     2 |       |       |       ||     2
 Cast: Sandblast         |    18 |     4 |       |       ||    22
       Lee's Rapid Decon |       |     8 |    31 |    23 ||    62
       Petrify           |       |       |     2 |     3 ||     5
       Stone Arrow       |       |       |       |     2 ||     2
  Use: Potion            |     1 |       |     1 |     1 ||     3
       Scroll            |       |       |       |     1 ||     1
Armor: Robe              |     1 |     1 |       |       ||     2
Dodge: Dodged            |     2 |    11 |       |     7 ||    20

Table legend: (Time is in decaauts)
 A = Elapsed time spent in this place.
 B = Non-inter-level travel time spent in this place.
 C = Inter-level travel time spent in this place.
 D = Time resting spent in this place.
 E = Time spent auto-exploring this place.
 F = Levels seen in this place.
 G = Mean time per level.
                   A        B        C        D        E       F      G
               +--------+--------+--------+--------+--------+-----+--------+
         Total |   2588 |   2541 |     47 |   2010 |     66 |   1 | 2588.0 |
       Dungeon |   2588 |   2541 |     47 |   2010 |     66 |   1 | 2588.0 |
               +--------+--------+--------+--------+--------+-----+--------+

Top non-repeatable levels by time:
       D: 2588 daAuts
